 Dungeon Crawl Stone Soup version 0.21.1-1-g345015fe64 (webtiles) character file.

79 Fascinator the Scratcher (level 4, 0/19 HPs)
             Began as a Felid Transmuter on July 10, 2018.
             Was an Initiate of the Shining One.
             Slain by an orc warrior
             ... wielding a +0 short sword
              (15 damage)
             ... on level 2 of the Dungeon.
             The game lasted 00:15:22 (3144 turns).

Fascinator the Scratcher (Felid Transmuter)         Turns: 3144, Time: 00:15:23

Health: 0/19       AC:  1    Str:  7    XL:     4   Next: 17%
Magic:  1/8        EV: 18    Int: 14    God:    the Shining One [......]
Gold:   106        SH:  0    Dex: 16    Spells: 4/7 levels left
                                        Lives:  0   Deaths: 1

rFire    . . .     SeeInvis +     - Unarmed
rCold    . . .     Gourm    .   (shield unavailable)
rNeg     . . .     Faith    .   (armour unavailable)
rPois    .         Spirit   .   (helmet unavailable)
rElec    .         Reflect  .   (cloak unavailable)
rCorr    .         Harm     .   (gloves unavailable)
MR       .....                  (boots unavailable)
Stlth    +.........             (no amulet)
HPRegen  0.06/turn              (no ring)
MPRegen  0.11/turn              (no ring)

@: appendage, glowing, quick
A: very small, no armour, no weapons or thrown items, stealth, claws 1, fangs 3,
horns 2, see invisible, carnivore, speed 1, shaggy fur 1, slow metabolism 1,
sharp paws
a: End Transformation, Renounce Religion


You were on level 2 of the Dungeon.
You worshipped the Shining One.
The Shining One was noncommittal.
You were not hungry.
You had grown temporary horns.
You visited 1 branch of the dungeon, and saw 2 of its levels.

You collected 106 gold pieces.

Inventory:

Missiles
 a - 22 arrows
Jewellery
 h - a +4 ring of intelligence {unknown}
Scrolls
 g - a scroll of amnesia {unknown}
 i - a scroll of teleportation {unknown}
 k - a scroll of remove curse {unknown}
Potions
 d - 3 potions of curing {unknown}
 e - a potion of resistance {unknown}
 f - a potion of magic {unknown}
 j - a potion of degeneration {unknown}
Books
 b - a book of Changes

   Spells                             Type                      Level
   a - Beastly Appendage              Transmutation                1
   b - Sticks to Snakes               Transmutation                2
   c - Spider Form                    Transmutation/Poison         3
   d - Ice Form                       Ice/Transmutation            4
   e - Blade Hands                    Transmutation                5
Comestibles
 c - 4 rations


   Skills:
 + Level 1.8 Fighting
 + Level 3.3 Dodging
 * Level 3.5 Stealth
 * Level 3.8 Unarmed Combat
 + Level 2.3 Spellcasting
 + Level 2.9 Transmutations


You had 4 spell levels left.
You knew the following spells:

 Your Spells              Type           Power        Failure   Level  Hunger
a - Beastly Appendage     Tmut           #.....       7%          1    #......
b - Sticks to Snakes      Tmut           #.......     10%         2    ###....


Dungeon Overview and Level Annotations

Branches:
Dungeon (2/15)

Altars:
The Shining One


Innate Abilities, Weirdness & Mutations

You cannot wear armour.
You are incapable of wielding weapons or throwing items.
Your paws allow you to move quietly. (Stealth)
You have sharp claws.
You have razor-sharp teeth.
You have supernaturally acute eyesight. (SInv)
You are carnivorous and can eat meat at any time.
You cover ground quickly.
You are covered in fur. (AC +1)
You have a slow metabolism.
Your sharp claws are effective at attacking unaware monsters.
You have a pair of horns on your head.


Message History

The orc warrior is moderately wounded.
Your adder bites the orc warrior but does no damage.
The orc warrior barely misses you.
Your adder bites the orc warrior but does no damage.
You scratch the orc warrior but do no damage.
Your headbutt misses the orc warrior.
The orc warrior is moderately wounded.
The orc hits your adder with an enchanted short sword!
Your adder dies!
The orc warrior closely misses you.
The orc warrior hits you with a +0 short sword.
You scratch the orc warrior. Your bite misses the orc warrior.
The orc warrior is heavily wounded.
The orc warrior hits you with a +0 short sword.
You barely miss the orc warrior. Your headbutt misses the orc warrior.
The orc warrior is severely wounded.
The orc warrior looks more healthy.
The orc warrior hits you with a +0 short sword!
Ouch! That really hurt!
You die...

...### ##.##..)..P♣♣.....♣♣..#
...'.###..##)PP♣♣♣♣..P♣.♣♣♣.<#
...#.....###).♣♣.P..P.♣♣P....####
######...###..♣♣PP.♣.♣♣♣.P...#...
###.....#....P..♣♣P.P.#)#.##
###..##.♣♣.♣♣.....o.#.#.#
##..###♣♣.##♣....##.#.#
##...#♣♣.##.o......#.#
###).@oo.#....#####.#
######.).##.......#
##############


You could see an orc warrior and an orc.

Vanquished Creatures
  An orc wizard (D:2)
  4 gnolls (D:2)
  An ooze (D:1)
  A worm (D:2)
  A leopard gecko (D:1)
  5 giant cockroaches
  4 goblins (D:1)
  2 hobgoblins (D:1)
  4 quokkas (D:2)
  A ball python (D:2)
  3 bats
  A frilled lizard (D:2)
  5 kobolds
  4 rats (D:1)
  A plant (D:2)
38 creatures vanquished.

Vanquished Creatures (collateral kills)
  An orc priest (D:2)
  3 gnolls (D:2)
  2 orcs (D:2)
  2 hobgoblins (D:2)
  A quokka (D:2)
  2 frilled lizards (D:2)
  A goblin (D:2)
  A kobold (D:2)
  A rat (D:2)
14 creatures vanquished.

Vanquished Creatures (others)
  8 plants (D:2)
8 creatures vanquished.

Grand Total: 60 creatures vanquished

Notes
Turn   | Place    | Note
-------+----------+-------------------------------------------
     0 | D:1      | Fascinator the Felid Transmuter began the quest for the Orb.
     0 | D:1      | Reached XP level 1. HP: 9/9 MP: 4/4
   227 | D:1      | Reached skill level 1 in Stealth
   416 | D:1      | Reached XP level 2. HP: 10/12 MP: 6/6
   420 | D:1      | Learned a level 2 spell: Sticks to Snakes
  1075 | D:1      | Reached XP level 3. HP: 13/15 MP: 7/7
  1198 | D:2      | Found a glowing golden altar of the Shining One.
  1207 | D:2      | Became a worshipper of the Shining One
  1725 | D:2      | Reached XP level 4. HP: 19/19 MP: 3/8
  2384 | D:2      | Noticed an orc warrior
  2616 | D:2      | Mangled by an orc warrior
  2617 | D:2      | Reached XP level 3. HP: -12/16 MP: 0/7
  3134 | D:2      | Reached XP level 4. HP: 19/19 MP: 0/8
  3144 | D:2      | Slain by an orc warrior

Skill      XL: |  1  2  3  4 |
---------------+-------------+-----
Stealth        | 1 2 3 |  3.5
Dodging        | 3 |  3.3
Fighting       | |  1.8
Unarmed Combat | |  3.8
Spellcasting   | |  2.3
Transmutations | |  2.9

Action                   |  1- 3 |  4- 6 || total
-------------------------+-------+-------++-------
Melee: Unarmed           |   108 |    36 ||   144
       Headbutt          |    13 |     5 ||    18
       Bite              |    16 |     3 ||    19
       Punch             |       |     1 ||     1
 Cast: Beastly Appendage |    14 |     3 ||    17
       Sticks to Snakes  |    20 |    25 ||    45
 Stab: Sleeping          |     5 |       ||     5
  Eat: Chunk             |     8 |       ||     8
Armor: Skin              |     2 |     1 ||     3
Dodge: Dodged            |    43 |    34 ||    77
